AoeStats
← nkz ; banhoul

Arena

508767225Analyzed
3v3 RM · 8d ago on Sep 24, 2026· 71m 18s· 6 players
Game mode
Random Map
Map size
Normal (6 player)
Population
200
Speed
Normal
Resources
Standard
Victory
Conquest
Starting age
Dark Age
Ending age
Imperial Age
RankedLock teamsTeams togetherTeam positionsShared explorationLock speedFull tech treeHidden civsTurbo modeCheats
Victory
Defeat
🇨🇴 Teutons · Colombia
1096
+13
🇨🇴 Turks · Colombia
1032
+16
🇨🇴 Franks · Colombia
984
+18
🇦🇷 Cumans · Argentina
1089
-18
🇦🇷 Burgundians · Argentina
1065
-17
🇦🇷 Ethiopians · Argentina
934
-12
joaaco182
6:43 Loom
9:27 Feudal Age
12:31 Scale Mail Armor
23:16 Castle Age
24:26 Cavalier
24:55 Double-Bit Axe
26:50 Forging
31:40 Bow Saw
34:03 Iron Casting
35:46 Gold Mining
35:50 Stone Mining
41:06 Imperial Age
41:04 Scale Barding Armor
41:47 Paladin
48:04 Blast Furnace
47:12 Husbandry
58:41 Guilds
Jtnbad
5:36 Loom
11:03 Feudal Age
15:16 Double-Bit Axe
18:28 Wheelbarrow
25:07 Castle Age
22:52 Horse Collar
23:41 Scale Barding Armor
23:44 Gold Mining
25:27 Town Watch
26:02 Bow Saw
25:54 Heavy Plow
26:09 Bloodlines
28:10 Capped Ram
30:31 Chain Barding Armor
30:21 Forging
32:03 Gold Shaft Mining
33:53 Iron Casting
37:51 Imperial Age
38:04 Elite Steppe Lancer
39:31 Hand Cart
40:42 Plate Barding Armor
41:31 Blast Furnace
41:12 Conscription
41:52 Stone Mining
42:35 Crop Rotation
42:11 Caravan
43:37 Fletching
43:47 Padded Archer Armor
66:34 Chemistry
69:52 Bow Saw
71:14 Town Patrol
nkz ; banhoul
10:56 Feudal Age
11:39 Double-Bit Axe
11:48 Gold Mining
14:24 Wheelbarrow
21:41 Castle Age
20:15 Fletching
23:03 Bow Saw
22:20 Crossbowman
25:31 Thumb Ring
34:57 Imperial Age
36:55 Arbalester
39:40 Bodkin Arrow
41:59 Chemistry
41:21 Ballistics
53:06 Capped Ram
63:21 Two-Man Saw
70:03 Loom
alejobr0790
11:56 Feudal Age
16:59 Castle Age
20:21 Gold Mining
21:11 Double-Bit Axe
22:18 Horse Collar
29:37 Imperial Age
27:12 Heavy Plow
27:32 Bow Saw
30:28 Padded Archer Armor
42:29 Fortified Wall
42:04 Heavy Camel Rider
44:35 Two-Man Saw
45:21 Gold Shaft Mining
47:05 Scale Mail Armor
47:11 Scale Barding Armor
47:23 Leather Archer Armor
47:20 Forging
48:16 Chain Mail Armor
48:24 Loom
49:46 Chain Barding Armor
52:06 Plate Mail Armor
58:41 Wheelbarrow
JoseAli
10:30 Feudal Age
10:39 Feudal Age
12:08 Double-Bit Axe
14:57 Castle Age
15:29 Scale Barding Armor
24:12 Husbandry
25:51 Wheelbarrow
25:44 Town Watch
25:44 Loom
26:21 Gold Mining
27:43 Forging
28:31 Stone Mining
32:10 Imperial Age
30:41 Hand Cart
31:23 Chain Barding Armor
31:42 Fervor
32:30 Bow Saw
32:38 Hand Cart
32:14 Cavalier
34:32 Paladin
35:34 Conscription
35:41 Chivalry
40:39 Plate Barding Armor
42:29 Iron Casting
45:04 Blast Furnace
44:07 Scale Mail Armor
44:27 Pikeman
47:28 Light Cavalry
48:39 Halberdier
67:10 Squires
Cardenalion
10:58 Feudal Age
15:09 Castle Age
13:57 Horse Collar
14:10 Double-Bit Axe
15:10 Loom
15:36 Gambesons
16:04 Man-at-Arms
17:00 Squires
17:46 Long Swordsman
18:51 Scale Mail Armor
19:50 Gold Mining
21:39 Arson
23:16 Forging
23:26 Chain Mail Armor
24:08 Town Watch
24:57 Bow Saw
26:08 Heavy Plow
27:18 Pikeman
30:58 Fortified Wall
32:12 Wheelbarrow
37:35 Imperial Age
37:12 Scale Barding Armor
37:42 Iron Casting
38:18 Ballistics
38:46 Two-Handed Swordsman
39:58 Crenellations
40:14 Hoardings
41:04 Plate Mail Armor
40:03 Champion
41:38 Bloodlines
41:21 Onager
42:05 Cavalier
43:00 Halberdier
45:51 Chain Barding Armor
46:33 Siege Engineers
46:43 Paladin
49:05 Plate Barding Armor
55:57 Blast Furnace
57:09 Conscription
60:53 Fletching
69:53 Coinage
Connection lost

Rejoining the realm…

Still unreachable

The connection could not be restored.

Session expired

The server has moved on; the page needs a fresh start.